 Dungeon Crawl Stone Soup version 0.29-a0-330-g52719c12eb (webtiles) character file.

Game seed: 10784575754475574946

235 emperorscorpion the Grave Robber (level 5, -4/35 HPs)
             Began as a Mummy Necromancer on Apr 22, 2022.
             Slain by a centaur (5 damage)
             ... on level 3 of the Dungeon.
             The game lasted 00:12:38 (3471 turns).

emperorscorpion the Grave Robber (MuNe)             Turns: 3471, Time: 00:12:38

Health: -4/35      AC:  3    Str: 11    XL:     5   Next: 76%
Magic:  2/12       EV: 12    Int: 16    God:
Gold:   123        SH:  0    Dex: 13    Spells: 3/14 levels left

rFire   x . .      SeeInvis .   (no weapon)
rCold   + . .      Faith    .   (no shield)
rNeg    + + +      Spirit   .   a - +0 robe
rPois   ∞          Reflect  .   (no helmet)
rElec   .          Harm     .   c - +0 cloak
rCorr   .          Rampage  .   (no gloves)
Will    .....                   (no boots)
Stlth   ++........              (no amulet)
HPRegen 0.11/turn               (no ring)
MPRegen 0.13/turn               (no ring)

@: no status effects
A: cold resistance 1, negative energy resistance 3, torment resistance 2, heat
vulnerability 1, in touch with death 1, no potions
a: no special abilities


You were on level 3 of the Dungeon.
You visited 1 branch of the dungeon, and saw 3 of its levels.

You collected 123 gold pieces.

Inventory:

Missiles
 f - 8 poisoned darts
 g - 2 throwing nets
Armour
 a - a +0 robe (worn)
 b - a +0 chain mail
 c - a +0 cloak (worn)
Magical Staves
 i - a staff of poison
Scrolls
 d - a scroll of identify
 e - a scroll of enchant armour
 h - a scroll of blinking {unknown}


   Skills:
 + Level 1.9 Dodging
 + Level 1.9 Stealth
 + Level 5.2 Spellcasting
 + Level 5.7 Necromancy


You had 3 spell levels left.
You knew the following spells:

 Your Spells              Type           Power      Damage    Failure   Level
a - Pain                  Necr           100%       1d9       1%          1
b - Vampiric Draining     Necr           33%        2d8       4%          3
c - Animate Dead          Necr           16%        N/A       14%         4
d - Searing Ray           Conj           8%         2d4       22%         2
A - Animate Skeleton      Necr           66%        N/A       1%          1

Your spell library contained the following spells:

 Spells                   Type           Power      Damage    Failure   Level
 Apportation              Tloc           8%         N/A       16%         1
 Magic Dart               Conj           16%        1d3       16%         1
 Sting                    Tmut/Pois      16%        1d3       16%         1
 Poisonous Vapours        Pois/Air       8%         N/A       22%         2
 Ozocubu's Armour         Ice            4%         N/A       41%         3
 Agony                    Necr           33%        N/A       36%         5
 Fulminant Prism          Conj/Hex       2%         3d6       83%         4
 Olgreb's Toxic Radiance  Pois           4%         N/A       83%         4
 Alistair's Intoxication  Tmut/Pois      2%         N/A       99%         5
 Ozocubu's Refrigeration  Ice            2%         4d5       100%        7


Dungeon Overview and Level Annotations

Branches:
Dungeon (3/15)

Altars:
Makhleb
Uskayaw


Innate Abilities, Weirdness & Mutations

You are immune to poison.
Your flesh is cold resistant. (rC+)
You are immune to negative energy. (rN+++)
You are immune to unholy pain and torment.
You are vulnerable to heat. (rF-)
You are in touch with the powers of death.
You do not drink.


Message History

The centaur shoots an arrow.
The arrow hits you!
The centaur unwields a +0 shortbow.
The centaur hits you.
The centaur kicks you but does no damage.
Casting: Searing Ray (safe; 22% risk of failure)
Confirm with . or Enter, or press ? or * to list all spells.
Aiming: Vampiric Draining (dangerous; 4% risk of failure)
Press: ? - help, Shift-Dir - straight line, f/p - centaur
Aim: a centaur (severely wounded)
You feel a surge of power!
You draw life force from the centaur.
You feel life coursing into your body. The centaur barely misses you.
The centaur closely misses you. x2; The centaur barely misses you.
Casting: Vampiric Draining (dangerous; 4% risk of failure)
Confirm with . or Enter, or press ? or * to list all spells.
You don't have enough magic to cast this spell.
Really attack while wielding nothing?
You hit the centaur.
The centaur is almost dead.
The centaur barely misses you.
The centaur kicks you but does no damage.
You hit the centaur but do no damage.
The centaur is almost dead.
The centaur hits you. The centaur kicks you. The centaur barely misses you.
The centaur kicks you.
You hit the centaur but do no damage.
The centaur is almost dead.
The centaur hits you.
* * * LOW HITPOINT WARNING * * *
The centaur kicks you.
* * * LOW HITPOINT WARNING * * *
You hit the centaur.
The centaur is almost dead.
The centaur closely misses you.
The centaur kicks you but does no damage.
The centaur hits you.
* * * LOW HITPOINT WARNING * * *
The centaur barely misses you.
You hit the centaur but do no damage.
The centaur is almost dead.
The centaur hits you.
You die...

#...##.##......#
#.. #...#).....#
#.. #..c#....... #
...#.#.#..#.#.##
###
##..#.##.##......#
..#
..............#..
### ######.?.#...#
... ##...#c### ###
#.# #......@##...#
..# #.#..........#
### #......###....
# ##†..... . #
#....#.#. #######
#......#.. ....†.#
)........ ..
#####.# #.#...###
.## ...# #.#.# #


You could see a centaur.

Vanquished Creatures
  A hound (D:3)
  Terence (D:2)
  4 gnolls (D:3)
  5 adders
  An ufetubus (D:3)
  4 worms
  3 dart slugs
  4 orcs (D:3)
  8 ball pythons
  7 bats
  2 endoplasms (D:1)
  3 giant cockroaches
  5 goblins
  7 hobgoblins
  2 quokkas (D:1)
  7 frilled lizards
  3 kobolds
  10 rats
77 creatures vanquished.

Notes
Turn   | Place    | Note
-------+----------+-------------------------------------------
     0 | D:1      | emperorscorpion the Mummy Necromancer began the quest for
                  | the Orb.
     0 | D:1      | Reached XP level 1. HP: 13/13 MP: 4/4
   271 | D:1      | Reached XP level 2. HP: 19/19 MP: 3/5
   662 | D:1      | Found a faded altar of an unknown god.
  1115 | D:1      | Gained mutation: You are in touch with the powers of death.
                  | [Mummy growth]
  1115 | D:1      | Reached XP level 3. HP: 24/24 MP: 4/7
  1120 | D:1      | Learned a level 3 spell: Vampiric Draining
  1394 | D:2      | Found a burning altar of Makhleb.
  1488 | D:2      | Learned a level 1 spell: Animate Skeleton
  1828 | D:2      | Noticed Terence
  1833 | D:2      | Killed Terence
  1834 | D:2      | Reached skill level 5 in Necromancy
  1834 | D:2      | Reached XP level 4. HP: 30/30 MP: 5/9
  1839 | D:2      | Learned a level 4 spell: Animate Dead
  2550 | D:3      | Noticed a +0 hand axe
  2550 | D:3      | Noticed a +0 hand axe
  2552 | D:3      | Found a hide-covered altar of Uskayaw.
  2681 | D:3      | Reached XP level 5. HP: 27/35 MP: 2/11
  2882 | D:3      | Reached skill level 5 in Spellcasting
  3199 | D:3      | Learned a level 2 spell: Searing Ray
  3409 | D:3      | Noticed a centaur
  3470 | D:3      | HP: 1/35 [centaur (5)]
  3471 | D:3      | Slain by a centaur

Illustrated notes

Levels and vault maps discovered:
D:1:      lemuel_arrival_funnel, layout_loops_ring, basic_ecumenical_altar
D:2:      minmay_evil_eye, layout_basic, basic_altar,
          minmay_misc_feat_diagonals, uniq_terence
D:3:      layout_loops_ring, dancing_weapons_uskayaw,
          cheibrodos_sewer_entry_drain, minmay_distorted

Skill      XL: |  1  2  3  4  5 |
---------------+----------------+-----
Spellcasting   | 3 4 5 |  5.2
Necromancy     | 5 |  5.7
Dodging        | |  1.9
Stealth        | |  1.9

Action                   |  1- 3 |  4- 6 || total
-------------------------+-------+-------++-------
Melee: Unarmed           |    11 |    23 ||    34
 Cast: Pain              |    86 |    71 ||   157
       Vampiric Draining |       |     6 ||     6
       Searing Ray       |       |     3 ||     3
  Use: Scroll            |       |     4 ||     4
Armor: Robe              |     6 |     7 ||    13
Dodge: Dodged            |    16 |    35 ||    51

Table legend: (Time is in decaauts)
 A = Elapsed time spent in this place.
 B = Non-inter-level travel time spent in this place.
 C = Inter-level travel time spent in this place.
 D = Time resting spent in this place.
 E = Time spent auto-exploring this place.
 F = Levels seen in this place.
 G = Mean time per level.
                   A        B        C        D        E       F      G
               +--------+--------+--------+--------+--------+-----+--------+
         Total |   3470 |   3431 |     39 |     16 |   2968 |   3 | 1156.7 |
       Dungeon |   3470 |   3431 |     39 |     16 |   2968 |   3 | 1156.7 |
               +--------+--------+--------+--------+--------+-----+--------+

Top non-repeatable levels by time:
     D:1: 1299 daAuts
     D:2: 1191 daAuts
     D:3: 979 daAuts
